 Seeded DCSS version 0.28-a0-1152-g9c71ebef14 (webtiles) character file.

Game seed: 8055569987141458967 (custom seed)

152 croobank the Shield-Bearer (level 5, -3/50 HPs)
             Began as a Troll Berserker on Dec 14, 2021.
             Was a Believer of Trog.
             Slain by a gnoll (6 damage)
             ... on level 3 of the Dungeon.
             The game lasted 00:08:53 (1098 turns).

croobank the Shield-Bearer (Troll Berserker)        Turns: 1098, Time: 00:08:54

Health: -3/50      AC:  4    Str: 27    XL:     5   Next: 11%
Magic:  4/4        EV: 10    Int:  3    God:    Trog [**....]
Gold:   74         SH:  0    Dex:  9    Spells: 4/4 levels left

rFire   x . .      SeeInvis .     - Unarmed
rCold   + . .      Faith    .   (no shield)
rNeg    . . .      Spirit   .   a - +0 animal skin
rPois   .          Reflect  .   (helmet restricted)
rElec   .          Harm     .   (no cloak)
rCorr   .          Rampage  .   (gloves unavailable)
Will    .....                   (boots unavailable)
Stlth   +.........              (no amulet)
HPRegen 0.96/turn               l - ring of ice
MPRegen 0.09/turn               (no ring)

@: no status effects
A: large, unfitting armour, claws 3, regeneration 1, shaggy fur 1, tough skin 1
a: Renounce Religion, Berserk, Trog's Hand


You were on level 3 of the Dungeon.
You worshipped Trog.
Trog was pleased with you.
You visited 1 branch of the dungeon, and saw 3 of its levels.

You collected 74 gold pieces.

Inventory:

Hand Weapons
 h - a +0 hunting sling
Missiles
 i - 97 stones (quivered)
Armour
 a - a +0 animal skin (worn)
 f - a +2 tower shield
Jewellery
 l - a ring of ice (left claw)
Scrolls
 b - 2 scrolls of teleportation {teleport, unknown}
 c - a scroll of vulnerability {vulnerability, unknown}
 d - 2 scrolls of torment {torment, unknown}
 g - a scroll of fog {fog, unknown}
 o - a scroll of immolation {immolation, unknown}
Potions
 e - a potion of flight {flight, unknown}
 j - a potion of might {might, unknown}
 k - a potion of lignification {lignification, unknown}
 m - a potion of curing {curing, unknown}
 n - 2 potions of cancellation {cancellation, unknown}


   Skills:
 - Level 2.6 Fighting
 - Level 2.6 Dodging
 + Level 3.4 Shields
 - Level 3.3 Unarmed Combat


You had 4 spell levels left.
You didn't know any spells.
Your spell library was empty.

Dungeon Overview and Level Annotations

Branches:
Dungeon (3/15)

Altars:


Innate Abilities, Weirdness & Mutations

You are too large for most types of armour.
You have claws for hands.
Your natural rate of healing is unusually fast.
You are covered in fur. (AC +1)
You have tough skin. (AC +1)


Message History

The adder hisses angrily.
You claw the adder!
You kill the adder!
Trog accepts your kill.
A gnoll comes into view. It is wielding a +0 flail.
The gnoll shouts!
You see here an adder corpse.
A gnoll comes into view. It is wielding a +0 spear.
The gnoll shouts!
A gnoll comes into view. It is wielding a +0 halberd.
The gnoll shouts!
The gnoll throws a throwing net.
The throwing net completely misses you. The gnoll hits you with a +0 flail.
You scratch the gnoll but do no damage.
The gnoll hits you from afar with a +0 spear.
The gnoll barely misses you.
You scratch the gnoll but do no damage.
The gnoll hits you from afar with a +0 spear.
The gnoll hits you with a +0 flail.
You closely miss the gnoll. The gnoll barely misses you.
The gnoll hits you with a +0 flail. The gnoll barely misses you.
You scratch the gnoll.
The gnoll is lightly wounded.
The gnoll hits you from afar with a +0 spear.
The gnoll hits you with a +0 flail! The gnoll barely misses you.
You barely miss the gnoll.
The gnoll is lightly wounded.
The gnoll hits you from afar with a +0 spear.
* * * LOW HITPOINT WARNING * * *
The gnoll closely misses you.
You barely miss the gnoll.
The gnoll is lightly wounded.
The gnoll hits you from afar with a +0 halberd!
* * * LOW HITPOINT WARNING * * *
The gnoll closely misses you. The gnoll misses you.
You claw the gnoll!
The gnoll is almost dead.
The gnoll barely misses you.
The gnoll hits you from afar with a +0 spear.
You die...

...#.###.#.#
.........#...
#.....#.#..## #
#.......#....
#.#............
#......(###.######
####..gg#.........
#..#g#.........
##.#@#.<.......
#...........#.
###########.#


You could see 3 gnolls.

Vanquished Creatures
  Jessica (D:2)
  2 orc wizards (D:2)
  3 adders
  A worm (D:2)
  2 dart slugs (D:1)
  2 orcs (D:2)
  5 ball pythons
  4 bats
  4 endoplasms
  2 giant cockroaches (D:2)
  2 goblins
  A hobgoblin (D:2)
  3 jackals (D:1)
  2 frilled lizards (D:1)
  3 kobolds (D:2)
  3 rats
40 creatures vanquished.

Notes
Turn   | Place    | Note
-------+----------+-------------------------------------------
     0 | D:1      | croobank the Troll Berserker began the quest for the Orb.
     0 | D:1      | Reached XP level 1. HP: 22/22 MP: 0/0
    26 | D:1      | Found a faded altar of an unknown god.
    55 | D:1      | Reached XP level 2. HP: 27/29 MP: 1/1
   403 | D:1      | You fall into a shaft and drop 1 floor!
   418 | D:2      | Reached skill level 1 in Shields
   449 | D:2      | Reached XP level 3. HP: 25/36 MP: 2/2
   493 | D:2      | Reached XP level 4. HP: 21/44 MP: 3/3
   622 | D:2      | Reached ** piety under Trog
   933 | D:2      | Noticed Jessica
   956 | D:2      | Killed Jessica
   957 | D:2      | Reached XP level 5. HP: 50/50 MP: 4/4
  1097 | D:3      | HP: 2/50 [gnoll (12)]
  1098 | D:3      | Slain by a gnoll

Illustrated notes

Levels and vault maps discovered:
D:1:      arrival_zaba_pyramid, layout_loops_cross, basic_ecumenical_altar
D:2:      layout_basic, kennysheep_generic_room_5, uniq_jessica
D:3:      layout_basic, roderic_batcave

Skill      XL: |  1  2  3  4 |
---------------+-------------+-----
Shields        | 1 2 3 |  3.4
Fighting       | |  2.6
Dodging        | |  2.6
Unarmed Combat | |  3.3

Action                   |  1- 3 |  4- 6 || total
-------------------------+-------+-------++-------
Melee: Unarmed           |    80 |    60 ||   140
       Punch             |     1 |       ||     1
  Use: Potion            |       |     1 ||     1
Armor: Animal skin       |    25 |    20 ||    45
Dodge: Dodged            |    37 |    34 ||    71

Table legend: (Time is in decaauts)
 A = Elapsed time spent in this place.
 B = Non-inter-level travel time spent in this place.
 C = Inter-level travel time spent in this place.
 D = Time resting spent in this place.
 E = Time spent auto-exploring this place.
 F = Levels seen in this place.
 G = Mean time per level.
                   A        B        C        D        E       F      G
               +--------+--------+--------+--------+--------+-----+--------+
         Total |   1089 |   1076 |     13 |     17 |    665 |   3 |  363.0 |
       Dungeon |   1089 |   1076 |     13 |     17 |    665 |   3 |  363.0 |
               +--------+--------+--------+--------+--------+-----+--------+

Top non-repeatable levels by time:
     D:2: 661 daAuts
     D:1: 401 daAuts
     D:3: 27 daAuts
